[ PARTIDA AOE2 · #495768404 ]
UnrankedRomanos vs Britons
[ ANÁLISIS DE REPETICIÓN · EXTRAÍDO DE LA PARTIDA GRABADA ]
Feudal
18:02
Castillos
—
Imperial
—
| APM promedio | 35.8 |
| APM pico | 84 |
| eAPM promedio | 21.7 |
| Aldeanos / militares | 111 / 8 |
Foco
⚔️ 45.1% · 🌾 54.9%
Militia ×7 · Fishing Ship ×7 · Unknown (2626) ×4 · Trade Cart ×2 · Fire Galley ×1
Feudal
11:57
Castillos
15:27
Imperial
31:17
| APM promedio | 59.6 |
| APM pico | 92 |
| eAPM promedio | 29.7 |
| Aldeanos / militares | 111 / 110 |
Foco
⚔️ 43.7% · 🌾 56.3%
Conquistador ×79 · Fishing Ship ×56 · Trebuchet (Packed) ×10 · Bombard Cannon ×9 · Battering Ram ×8 · Petard ×2
Feudal
11:47
Castillos
15:24
Imperial
33:34
| APM promedio | 48.1 |
| APM pico | 86 |
| eAPM promedio | 21.1 |
| Aldeanos / militares | 101 / 133 |
Foco
⚔️ 30.5% · 🌾 69.5%
Knight ×106 · Fishing Ship ×44 · Scorpion ×10 · Trade Cart ×10 · Battering Ram ×9 · Scout Cavalry ×5
Feudal
13:44
Castillos
24:20
Imperial
34:10
| APM promedio | 48.9 |
| APM pico | 96 |
| eAPM promedio | 32.4 |
| Aldeanos / militares | 122 / 49 |
Foco
⚔️ 22.0% · 🌾 78.0%
Fishing Ship ×47 · War Wagon ×27 · Iron Pagoda ×16 · Trebuchet (Packed) ×6
Feudal
11:46
Castillos
15:46
Imperial
38:01
| APM promedio | 74.0 |
| APM pico | 132 |
| eAPM promedio | 39.9 |
| Aldeanos / militares | 108 / 144 |
Foco
⚔️ 57.2% · 🌾 42.8%
Spearman ×80 · Archer ×44 · Longbowman ×15 · Fishing Ship ×8 · Monk ×1 · Galley ×1
Feudal
18:05
Castillos
24:23
Imperial
40:38
| APM promedio | 58.8 |
| APM pico | 104 |
| eAPM promedio | 28.6 |
| Aldeanos / militares | 100 / 42 |
Foco
⚔️ 38.7% · 🌾 61.3%
Fishing Ship ×37 · Longboat ×27 · Archer ×9 · Monk ×3 · Berserk ×2 · Spearman ×1
Feudal
11:00
Castillos
14:30
Imperial
32:24
| APM promedio | 49.6 |
| APM pico | 89 |
| eAPM promedio | 32.0 |
| Aldeanos / militares | 148 / 138 |
Foco
⚔️ 44.0% · 🌾 56.0%
Spearman ×80 · Monk ×43 · Mangonel ×8 · Trebuchet (Packed) ×4 · Bombard Cannon ×3
Feudal
15:25
Castillos
26:14
Imperial
39:44
| APM promedio | 34.9 |
| APM pico | 73 |
| eAPM promedio | 23.6 |
| Aldeanos / militares | 154 / 12 |
Foco
⚔️ 28.9% · 🌾 71.1%
Fishing Ship ×20 · Archer ×12
Mapa de la partida
Recursos iniciales + cada clic de construcción. Líneas = muros · curvas = relieve. ◆ oro · ⬟ piedra · ● bayas · ✦ reliquia · ◌ hueco del cierre
Tu base· Abierta — flanco sin cerrar
Base de abundzuehalt· Abierta — flanco sin cerrar
Base de NOC | Target331· Abierta — flanco sin cerrar
Base de Chrisybooo· ✓ Cerrada en 24:20 · 43t muro · 1 puerta(s)
Base de Oni.TheViper· Abierta — hueco de 10t
Base de pääjehu· Abierta — hueco de 4t
Base de Mettiu· Abierta — flanco sin cerrar
Base de Rodney McKay· ✓ Cerrada en 26:14 · 166t muro · 1 puerta(s)
Terreno inicial suavizado · ◌ = hueco del cierre detectado · pasá el cursor para detalles
Inputs por minuto
— CNZS_Daniel - - abundzuehalt
Build order — CNZS_Daniel
Primeras 150 de 236 acciones detectadas
| 0:01 | Crear | Villager (Male) |
| 0:01 | Crear | Villager (Male) |
| 0:02 | Construir | House |
| 0:03 | Construir | House |
| 0:08 | Crear | Villager (Male) |
| 0:09 | Crear | Villager (Male) |
| 0:09 | Crear | Villager (Male) |
| 0:40 | Investigar | Loom |
| 0:40 | Crear | Villager (Male) |
| 0:40 | Crear | Villager (Male) |
| 0:41 | Crear | Villager (Male) |
| 1:30 | Crear | Villager (Male) |
| 1:30 | Crear | Villager (Male) |
| 2:13 | Crear | Villager (Male) |
| 2:13 | Crear | Villager (Male) |
| 2:41 | Crear | Villager (Male) |
| 2:41 | Crear | Villager (Male) |
| 3:04 | Construir | Palisade Wall |
| 3:05 | Construir | Palisade Wall |
| 3:09 | Construir | Palisade Wall |
| 3:11 | Construir | Palisade Wall |
| 3:12 | Construir | Palisade Wall |
| 3:22 | Crear | Villager (Male) |
| 3:22 | Crear | Villager (Male) |
| 3:33 | Crear | Villager (Male) |
| 3:43 | Construir | Palisade Wall |
| 3:43 | Construir | Palisade Wall |
| 3:53 | Construir | Palisade Wall |
| 3:54 | Construir | Palisade Wall |
| 3:56 | Crear | Villager (Male) |
| 3:57 | Crear | Villager (Male) |
| 4:29 | Construir | House |
| 4:37 | Construir | Palisade Wall |
| 4:41 | Crear | Villager (Male) |
| 4:59 | Crear | Villager (Male) |
| 5:24 | Crear | Villager (Male) |
| 5:31 | Construir | Palisade Wall |
| 5:43 | Construir | Palisade Wall |
| 5:51 | Crear | Villager (Male) |
| 6:18 | Crear | Villager (Male) |
| 6:31 | Construir | Palisade Wall |
| 6:40 | Construir | Palisade Wall |
| 6:41 | Construir | Palisade Wall |
| 6:43 | Construir | Palisade Wall |
| 6:44 | Construir | Palisade Wall |
| 6:48 | Crear | Villager (Male) |
| 6:59 | Construir | Lumber Camp |
| 7:11 | Construir | House |
| 7:23 | Crear | Villager (Male) |
| 8:15 | Crear | Villager (Male) |
| 8:41 | Crear | Villager (Male) |
| 9:11 | Crear | Villager (Male) |
| 9:49 | Crear | Villager (Male) |
| 9:59 | Construir | Palisade Wall |
| 10:14 | Crear | Villager (Male) |
| 10:14 | Crear | Villager (Male) |
| 10:14 | Crear | Villager (Male) |
| 10:19 | Construir | Palisade Wall |
| 10:41 | Crear | Villager (Male) |
| 10:42 | Crear | Villager (Male) |
| 10:54 | Construir | Mill |
| 11:02 | Construir | House |
| 11:13 | Crear | Villager (Male) |
| 11:14 | Crear | Villager (Male) |
| 11:14 | Crear | Villager (Male) |
| 11:25 | Construir | Palisade Wall |
| 11:28 | Construir | Palisade Wall |
| 11:29 | Construir | Palisade Wall |
| 11:30 | Construir | Palisade Wall |
| 11:33 | Construir | Palisade Wall |
| 11:36 | Construir | Palisade Wall |
| 11:40 | Construir | Palisade Wall |
| 11:42 | Construir | Palisade Wall |
| 11:48 | Crear | Villager (Male) |
| 11:48 | Crear | Villager (Male) |
| 11:59 | Construir | Palisade Wall |
| 12:03 | Construir | Palisade Wall |
| 12:03 | Construir | Palisade Wall |
| 12:16 | Construir | Palisade Wall |
| 12:27 | Crear | Villager (Male) |
| 12:27 | Crear | Villager (Male) |
| 12:33 | Construir | Farm |
| 12:36 | Construir | Farm |
| 12:38 | Crear | Villager (Male) |
| 12:38 | Crear | Villager (Male) |
| 12:46 | Construir | Palisade Wall |
| 12:59 | Crear | Villager (Male) |
| 13:00 | Crear | Villager (Male) |
| 13:17 | Crear | Villager (Male) |
| 13:18 | Crear | Villager (Male) |
| 13:36 | Construir | Palisade Wall |
| 13:58 | Construir | Palisade Wall |
| 13:59 | Construir | Palisade Wall |
| 14:12 | Construir | Barracks |
| 14:30 | Construir | Farm |
| 15:01 | Construir | Dock |
| 15:03 | Crear | Villager (Male) |
| 15:12 | Construir | House |
| 15:25 | Construir | Palisade Gate |
| 15:30 | Construir | Farm |
| 15:51 | Construir | Mining Camp |
| 15:52 | Investigar | Feudal Age |
| 16:00 | Construir | Palisade Wall |
| 16:21 | Construir | Farm |
| 16:26 | Crear | Militia |
| 16:26 | Crear | Militia |
| 16:27 | Crear | Militia |
| 16:39 | Construir | Palisade Wall |
| 16:46 | Construir | Farm |
| 17:08 | Crear | Militia |
| 17:09 | Crear | Militia |
| 17:09 | Crear | Militia |
| 17:19 | Construir | Farm |
| 17:35 | Construir | Outpost |
| 17:44 | Crear | Militia |
| 17:46 | Crear | Villager (Male) |
| 17:57 | Construir | House |
| 18:02 | Edad | Edad Feudal |
| 18:05 | Investigar | Man-at-Arms (upgrade) |
| 18:05 | Investigar | Man-at-Arms (upgrade) |
| 18:10 | Investigar | Double-Bit Axe |
| 18:10 | Investigar | Double-Bit Axe |
| 18:11 | Crear | Villager (Male) |
| 18:11 | Crear | Villager (Male) |
| 18:15 | Construir | Watch Tower |
| 18:19 | Crear | Villager (Male) |
| 18:20 | Crear | Villager (Male) |
| 18:33 | Construir | House |
| 18:34 | Construir | House |
| 18:44 | Crear | Villager (Male) |
| 19:14 | Construir | Lumber Camp |
| 19:15 | Crear | Villager (Male) |
| 19:15 | Crear | Villager (Male) |
| 19:25 | Construir | Gate |
| 19:30 | Crear | Villager (Male) |
| 19:32 | Construir | Palisade Wall |
| 19:50 | Crear | Villager (Male) |
| 19:50 | Crear | Villager (Male) |
| 21:33 | Construir | Dock |
| 22:16 | Crear | Fire Galley |
| 22:18 | Crear | Villager (Male) |
| 22:18 | Crear | Villager (Male) |
| 22:28 | Crear | Unit 2626 |
| 23:03 | Crear | Villager (Male) |
| 23:03 | Crear | Villager (Male) |
| 23:06 | Crear | Unit 2626 |
| 23:13 | Crear | Unit 2626 |
| 23:45 | Crear | Villager (Male) |
| 23:45 | Crear | Villager (Male) |
| 24:08 | Crear | Unit 2626 |
Build order — abundzuehalt
Primeras 150 de 451 acciones detectadas
| 0:01 | Crear | Villager (Male) ×4 |
| 0:02 | Construir | House |
| 0:02 | Construir | House |
| 1:23 | Crear | Villager (Male) |
| 1:56 | Crear | Villager (Male) |
| 2:07 | Crear | Villager (Male) |
| 2:10 | Construir | Lumber Camp |
| 2:39 | Crear | Villager (Male) |
| 2:54 | Crear | Villager (Male) |
| 3:24 | Crear | Villager (Male) |
| 3:39 | Crear | Villager (Male) |
| 4:13 | Crear | Villager (Male) |
| 4:38 | Construir | House |
| 4:41 | Construir | Dock |
| 5:00 | Crear | Villager (Male) |
| 5:00 | Crear | Villager (Male) |
| 5:15 | Crear | Fishing Ship |
| 5:27 | Crear | Villager (Male) |
| 5:33 | Construir | House |
| 5:53 | Crear | Villager (Male) |
| 6:09 | Crear | Fishing Ship |
| 6:12 | Construir | House |
| 6:21 | Crear | Villager (Male) |
| 6:21 | Crear | Villager (Male) |
| 6:51 | Crear | Villager (Male) |
| 6:59 | Crear | Fishing Ship |
| 7:35 | Crear | Fishing Ship |
| 7:37 | Crear | Villager (Male) |
| 7:38 | Crear | Villager (Male) |
| 7:56 | Construir | Palisade Wall |
| 7:58 | Crear | Villager (Male) |
| 8:02 | Crear | Villager (Male) |
| 8:07 | Crear | Villager (Male) |
| 8:15 | Crear | Fishing Ship |
| 8:17 | Construir | House |
| 8:22 | Crear | Villager (Male) |
| 8:26 | Crear | Fishing Ship |
| 8:43 | Construir | House |
| 8:59 | Construir | Mill |
| 9:03 | Construir | Palisade Gate |
| 9:10 | Construir | Palisade Gate |
| 9:17 | Construir | Palisade Gate |
| 9:21 | Construir | Palisade Wall |
| 9:26 | Construir | Palisade Wall |
| 9:31 | Construir | Palisade Gate |
| 9:34 | Construir | Palisade Wall |
| 9:36 | Construir | Palisade Wall |
| 9:42 | Investigar | Feudal Age |
| 9:46 | Crear | Fishing Ship |
| 10:15 | Construir | Mining Camp |
| 10:26 | Crear | Fishing Ship |
| 11:03 | Crear | Fishing Ship |
| 11:15 | Crear | Villager (Male) |
| 11:18 | Construir | House |
| 11:57 | Edad | Edad Feudal |
| 11:58 | Construir | Market |
| 12:00 | Construir | Blacksmith |
| 12:06 | Investigar | Double-Bit Axe |
| 12:06 | Investigar | Double-Bit Axe |
| 12:17 | Crear | Villager (Male) |
| 12:18 | Crear | Villager (Male) |
| 12:34 | Construir | Mining Camp |
| 12:45 | Investigar | Castle Age |
| 13:02 | Investigar | Tech 906 |
| 13:12 | Construir | Palisade Wall |
| 13:45 | Construir | Palisade Wall |
| 13:53 | Construir | Fish Trap |
| 13:58 | Construir | Fish Trap |
| 14:14 | Construir | Fish Trap |
| 14:34 | Investigar | Loom |
| 14:43 | Construir | Palisade Wall |
| 15:02 | Construir | House |
| 15:03 | Construir | House |
| 15:27 | Edad | Edad de los Castillos |
| 15:29 | Construir | Castle |
| 15:39 | Crear | Villager (Male) |
| 15:40 | Investigar | Bow Saw |
| 15:40 | Investigar | Bow Saw |
| 15:55 | Construir | Lumber Camp |
| 16:10 | Crear | Villager (Male) |
| 16:27 | Crear | Villager (Male) |
| 16:32 | Crear | Conquistador |
| 16:37 | Crear | Villager (Male) |
| 16:39 | Crear | Conquistador |
| 16:55 | Construir | Fish Trap |
| 17:00 | Crear | Conquistador |
| 17:04 | Construir | Fish Trap |
| 17:06 | Construir | Fish Trap |
| 17:09 | Construir | Fish Trap |
| 17:21 | Crear | Conquistador |
| 17:26 | Construir | Fish Trap |
| 17:53 | Crear | Villager (Male) |
| 18:02 | Crear | Villager (Male) |
| 18:10 | Crear | Petard |
| 18:27 | Crear | Villager (Male) |
| 18:29 | Construir | Fish Trap |
| 18:33 | Construir | Town Center |
| 18:36 | Crear | Conquistador |
| 18:44 | Construir | Monastery |
| 18:47 | Crear | Villager (Male) |
| 18:58 | Crear | Villager (Male) |
| 19:02 | Crear | Conquistador |
| 19:18 | Crear | Villager (Male) |
| 19:45 | Crear | Petard |
| 19:47 | Crear | Villager (Male) |
| 20:00 | Crear | Conquistador |
| 20:07 | Construir | Town Center |
| 20:12 | Construir | Dock |
| 20:13 | Crear | Villager (Male) |
| 20:27 | Crear | Villager (Male) |
| 20:39 | Crear | Villager (Male) |
| 20:50 | Crear | Conquistador |
| 21:02 | Crear | Villager (Male) |
| 21:19 | Crear | Conquistador |
| 21:24 | Crear | Fishing Ship |
| 21:26 | Construir | Dock |
| 21:27 | Crear | Fishing Ship |
| 21:29 | Construir | Dock |
| 21:30 | Crear | Villager (Male) |
| 21:34 | Construir | Dock |
| 21:45 | Investigar | Gillnets |
| 21:46 | Crear | Villager (Male) |
| 21:53 | Crear | Villager (Male) |
| 21:59 | Crear | Villager (Male) |
| 22:05 | Investigar | Devotion |
| 22:06 | Crear | Villager (Male) |
| 22:07 | Crear | Fishing Ship |
| 22:08 | Crear | Fishing Ship |
| 22:17 | Crear | Fishing Ship |
| 22:18 | Crear | Fishing Ship |
| 22:19 | Crear | Villager (Male) |
| 22:21 | Construir | Fish Trap |
| 22:23 | Construir | Barracks |
| 22:24 | Construir | House |
| 22:25 | Construir | House |
| 22:28 | Crear | Villager (Male) |
| 22:31 | Crear | Villager (Male) |
| 22:39 | Crear | Conquistador |
| 22:42 | Construir | Fish Trap |
| 22:46 | Crear | Fishing Ship |
| 22:46 | Crear | Fishing Ship |
| 22:46 | Crear | Fishing Ship |
| 22:47 | Crear | Fishing Ship |
| 22:47 | Crear | Villager (Male) |
| 22:57 | Crear | Villager (Male) |
| 23:02 | Crear | Fishing Ship |
| 23:02 | Crear | Fishing Ship |
| 23:04 | Crear | Villager (Male) |
| 23:16 | Crear | Villager (Male) |
| 23:22 | Crear | Villager (Male) |
Build order — NOC | Target331
Primeras 150 de 369 acciones detectadas
| 0:01 | Crear | Villager (Male) |
| 0:02 | Crear | Villager (Male) |
| 0:20 | Crear | Villager (Male) |
| 0:20 | Crear | Villager (Male) |
| 1:24 | Construir | Lumber Camp |
| 1:28 | Crear | Villager (Male) |
| 2:00 | Crear | Villager (Male) |
| 2:16 | Crear | Villager (Male) |
| 2:49 | Crear | Villager (Male) |
| 3:14 | Crear | Villager (Male) |
| 3:41 | Crear | Villager (Male) |
| 4:11 | Crear | Villager (Male) |
| 4:23 | Construir | Dock |
| 4:34 | Crear | Villager (Male) |
| 4:44 | Construir | Dock |
| 4:57 | Crear | Villager (Male) |
| 5:22 | Crear | Villager (Male) |
| 5:25 | Crear | Fishing Ship |
| 5:25 | Crear | Fishing Ship |
| 5:46 | Crear | Villager (Male) |
| 5:46 | Crear | Villager (Male) |
| 6:10 | Crear | Villager (Male) |
| 6:10 | Crear | Villager (Male) |
| 6:15 | Crear | Fishing Ship |
| 6:58 | Crear | Villager (Male) |
| 6:58 | Crear | Villager (Male) |
| 7:07 | Crear | Villager (Male) |
| 7:08 | Crear | Fishing Ship |
| 7:35 | Construir | Mill |
| 7:46 | Crear | Fishing Ship |
| 7:57 | Construir | Outpost |
| 8:21 | Crear | Fishing Ship |
| 8:22 | Crear | Villager (Male) |
| 8:25 | Construir | Farm |
| 8:41 | Crear | Villager (Male) |
| 8:53 | Construir | Mining Camp |
| 9:09 | Crear | Villager (Male) |
| 9:13 | Crear | Fishing Ship |
| 9:36 | Investigar | Feudal Age |
| 9:58 | Construir | Palisade Wall |
| 10:05 | Construir | Palisade Wall |
| 10:13 | Construir | Palisade Wall |
| 10:24 | Construir | Barracks |
| 10:48 | Crear | Villager (Male) |
| 10:48 | Crear | Villager (Male) |
| 11:47 | Edad | Edad Feudal |
| 11:50 | Construir | Stable |
| 11:57 | Construir | Blacksmith |
| 12:36 | Investigar | Double-Bit Axe |
| 12:44 | Investigar | Castle Age |
| 12:47 | Crear | Scout Cavalry |
| 12:50 | Investigar | Tech 906 |
| 12:56 | Investigar | Forging |
| 13:15 | Crear | Scout Cavalry |
| 13:22 | Construir | Fish Trap |
| 13:39 | Crear | Scout Cavalry |
| 13:48 | Construir | Fish Trap |
| 13:50 | Crear | Scout Cavalry |
| 14:07 | Investigar | Scale Barding Armor |
| 14:28 | Crear | Fishing Ship |
| 14:41 | Crear | Scout Cavalry |
| 15:21 | Construir | Fish Trap |
| 15:23 | Crear | Fishing Ship |
| 15:24 | Edad | Edad de los Castillos |
| 15:27 | Crear | Knight |
| 15:27 | Crear | Villager (Male) |
| 15:38 | Crear | Villager (Male) |
| 15:44 | Construir | Town Center |
| 15:48 | Crear | Villager (Male) |
| 15:58 | Crear | Knight |
| 15:59 | Crear | Knight |
| 16:02 | Crear | Villager (Male) |
| 16:11 | Construir | Fish Trap |
| 16:14 | Crear | Fishing Ship |
| 16:27 | Crear | Villager (Male) |
| 16:51 | Crear | Villager (Male) |
| 16:53 | Crear | Knight |
| 16:58 | Crear | Knight |
| 16:59 | Crear | Villager (Male) |
| 17:01 | Construir | Fish Trap |
| 17:05 | Construir | Fish Trap |
| 17:12 | Construir | Dock |
| 17:26 | Crear | Villager (Male) |
| 17:35 | Construir | Fish Trap |
| 17:41 | Crear | Knight |
| 17:54 | Construir | Siege Workshop |
| 17:58 | Crear | Villager (Male) |
| 18:22 | Crear | Villager (Male) |
| 18:36 | Crear | Scorpion |
| 18:39 | Construir | Fish Trap |
| 18:46 | Construir | Fish Trap |
| 18:49 | Construir | Fish Trap |
| 18:51 | Crear | Fishing Ship |
| 18:53 | Crear | Villager (Male) |
| 18:53 | Crear | Villager (Male) |
| 18:54 | Crear | Villager (Male) |
| 18:54 | Crear | Villager (Male) |
| 19:06 | Crear | Villager (Male) |
| 19:30 | Crear | Villager (Male) |
| 19:40 | Crear | Scorpion |
| 19:44 | Crear | Scorpion |
| 19:45 | Crear | Villager (Male) |
| 19:53 | Crear | Villager (Male) |
| 19:54 | Crear | Villager (Male) |
| 19:54 | Crear | Villager (Male) |
| 20:19 | Crear | Villager (Male) |
| 20:26 | Construir | Fish Trap |
| 20:28 | Investigar | Gillnets |
| 20:29 | Crear | Fishing Ship |
| 20:29 | Crear | Fishing Ship |
| 20:33 | Construir | Town Center |
| 20:42 | Crear | Villager (Male) |
| 20:42 | Crear | Villager (Male) |
| 20:57 | Construir | Lumber Camp |
| 21:01 | Construir | Dock |
| 21:03 | Crear | Fishing Ship |
| 21:17 | Construir | Fish Trap |
| 21:20 | Crear | Villager (Male) |
| 21:20 | Crear | Villager (Male) |
| 21:37 | Crear | Fishing Ship |
| 21:38 | Crear | Fishing Ship |
| 21:53 | Crear | Villager (Male) |
| 22:01 | Construir | Lumber Camp |
| 22:07 | Investigar | Wheelbarrow |
| 22:07 | Investigar | Loom |
| 22:08 | Crear | Villager (Male) |
| 22:17 | Crear | Scorpion |
| 22:31 | Investigar | Bow Saw |
| 22:32 | Investigar | Bow Saw |
| 22:32 | Crear | Villager (Male) |
| 22:33 | Crear | Villager (Male) |
| 22:33 | Crear | Villager (Male) |
| 22:56 | Crear | Mangonel |
| 23:11 | Construir | Fish Trap |
| 23:12 | Construir | Fish Trap |
| 23:16 | Construir | Fish Trap |
| 23:17 | Crear | Villager (Male) |
| 23:17 | Crear | Villager (Male) |
| 23:21 | Crear | Scorpion |
| 23:51 | Construir | Market |
| 23:53 | Crear | Villager (Male) |
| 23:54 | Crear | Villager (Male) |
| 23:54 | Crear | Villager (Male) |
| 23:56 | Crear | Fishing Ship |
| 23:56 | Crear | Fishing Ship |
| 23:56 | Crear | Fishing Ship |
| 24:09 | Construir | Stone Wall |
| 24:16 | Construir | Stone Wall |
| 24:22 | Crear | Villager (Male) |
| 24:22 | Crear | Villager (Male) |
Build order — Chrisybooo
Primeras 150 de 435 acciones detectadas
| 0:01 | Crear | Villager (Male) |
| 0:01 | Crear | Villager (Male) |
| 0:02 | Construir | House |
| 0:03 | Construir | House |
| 0:05 | Crear | Villager (Male) |
| 0:07 | Crear | Villager (Male) |
| 0:33 | Investigar | Loom |
| 0:33 | Crear | Villager (Male) |
| 0:33 | Crear | Villager (Male) |
| 1:18 | Investigar | Loom |
| 1:20 | Crear | Villager (Male) |
| 1:23 | Construir | Palisade Wall |
| 1:28 | Crear | Villager (Male) |
| 2:19 | Crear | Villager (Male) |
| 2:47 | Crear | Villager (Male) |
| 3:21 | Crear | Villager (Male) |
| 3:56 | Crear | Villager (Male) |
| 4:17 | Crear | Villager (Male) |
| 4:17 | Crear | Villager (Male) |
| 4:36 | Crear | Villager (Male) |
| 4:56 | Construir | House |
| 5:15 | Crear | Villager (Male) |
| 5:25 | Construir | House |
| 5:39 | Crear | Villager (Male) |
| 5:39 | Crear | Villager (Male) |
| 5:56 | Crear | Villager (Male) |
| 6:23 | Crear | Villager (Male) |
| 6:25 | Crear | Villager (Male) |
| 6:33 | Construir | Palisade Wall |
| 6:45 | Crear | Villager (Male) |
| 6:55 | Construir | Palisade Wall |
| 6:59 | Crear | Villager (Male) |
| 6:59 | Crear | Villager (Male) |
| 7:20 | Crear | Villager (Male) |
| 7:55 | Crear | Villager (Male) |
| 7:55 | Crear | Villager (Male) |
| 8:13 | Construir | House |
| 8:19 | Construir | Palisade Gate |
| 8:28 | Construir | Lumber Camp |
| 8:49 | Construir | Palisade Wall |
| 8:51 | Construir | Palisade Wall |
| 9:17 | Construir | Mining Camp |
| 9:47 | Crear | Villager (Male) |
| 9:58 | Crear | Villager (Male) |
| 10:00 | Crear | Villager (Male) |
| 10:00 | Crear | Villager (Male) |
| 10:01 | Crear | Villager (Male) |
| 10:06 | Crear | Villager (Male) |
| 10:11 | Construir | Palisade Wall |
| 10:19 | Construir | Palisade Wall |
| 10:21 | Construir | Palisade Wall |
| 10:23 | Construir | Palisade Wall |
| 10:25 | Crear | Villager (Male) |
| 10:25 | Crear | Villager (Male) |
| 10:27 | Crear | Villager (Male) |
| 10:45 | Construir | House |
| 10:52 | Construir | Palisade Wall |
| 10:57 | Construir | Palisade Wall |
| 10:58 | Construir | Palisade Wall |
| 10:59 | Construir | Palisade Wall |
| 11:04 | Construir | Palisade Wall |
| 11:09 | Construir | Palisade Wall |
| 11:13 | Crear | Villager (Male) |
| 11:15 | Crear | Villager (Male) |
| 11:15 | Crear | Villager (Male) |
| 11:28 | Crear | Villager (Male) |
| 11:34 | Investigar | Feudal Age |
| 11:49 | Construir | Palisade Wall |
| 12:30 | Construir | Dock |
| 12:37 | Construir | Palisade Wall |
| 12:40 | Construir | Palisade Wall |
| 12:46 | Construir | Palisade Wall |
| 12:47 | Construir | Palisade Wall |
| 12:50 | Construir | Palisade Wall |
| 12:51 | Construir | Palisade Wall |
| 12:53 | Construir | Palisade Wall |
| 13:17 | Construir | Palisade Wall |
| 13:31 | Crear | Villager (Male) |
| 13:38 | Construir | Mill |
| 13:44 | Edad | Edad Feudal |
| 13:48 | Construir | Watch Tower |
| 13:56 | Crear | Villager (Male) |
| 13:58 | Investigar | Double-Bit Axe |
| 13:59 | Crear | Fishing Ship |
| 13:59 | Crear | Fishing Ship |
| 14:13 | Construir | Stone Wall |
| 14:42 | Construir | Stone Wall |
| 14:45 | Construir | Stone Wall |
| 14:50 | Construir | Stone Wall |
| 14:57 | Crear | Fishing Ship |
| 15:05 | Construir | House |
| 15:13 | Construir | Gate |
| 15:17 | Construir | Stone Wall |
| 15:23 | Crear | Villager (Male) |
| 15:24 | Crear | Villager (Male) |
| 15:25 | Crear | Fishing Ship |
| 15:25 | Crear | Fishing Ship |
| 15:50 | Crear | Villager (Male) |
| 15:59 | Construir | Lumber Camp |
| 16:01 | Crear | Villager (Male) |
| 16:06 | Construir | Lumber Camp |
| 16:22 | Construir | House |
| 16:27 | Crear | Fishing Ship |
| 16:33 | Investigar | Tech 906 |
| 16:40 | Construir | House |
| 16:49 | Crear | Villager (Male) |
| 17:05 | Crear | Villager (Male) |
| 17:09 | Construir | Fish Trap |
| 17:10 | Crear | Villager (Male) |
| 17:17 | Construir | Dock |
| 17:21 | Crear | Fishing Ship |
| 17:29 | Construir | House |
| 17:47 | Crear | Fishing Ship |
| 18:01 | Construir | Outpost |
| 18:04 | Crear | Villager (Male) |
| 18:11 | Construir | Mining Camp |
| 18:19 | Crear | Fishing Ship |
| 18:30 | Crear | Fishing Ship |
| 18:33 | Crear | Villager (Male) |
| 18:47 | Crear | Villager (Male) |
| 18:49 | Construir | Market |
| 18:56 | Construir | House |
| 19:00 | Crear | Fishing Ship |
| 19:15 | Construir | Fish Trap |
| 19:16 | Crear | Villager (Male) |
| 19:33 | Construir | Blacksmith |
| 19:35 | Crear | Villager (Male) |
| 19:45 | Crear | Fishing Ship |
| 19:50 | Construir | Fish Trap |
| 20:00 | Crear | Villager (Male) |
| 20:08 | Construir | House |
| 20:10 | Crear | Fishing Ship |
| 20:17 | Crear | Fishing Ship |
| 20:26 | Crear | Villager (Male) |
| 20:31 | Construir | Lumber Camp |
| 20:37 | Construir | Fish Trap |
| 20:44 | Crear | Fishing Ship |
| 20:53 | Crear | Villager (Male) |
| 20:58 | Construir | Fish Trap |
| 21:06 | Construir | Fish Trap |
| 21:12 | Construir | Fish Trap |
| 21:15 | Crear | Villager (Male) |
| 21:30 | Construir | Fish Trap |
| 21:32 | Construir | Fish Trap |
| 21:40 | Investigar | Castle Age |
| 21:47 | Construir | Fish Trap |
| 21:50 | Construir | Fish Trap |
| 22:05 | Crear | Fishing Ship |
| 22:07 | Crear | Fishing Ship |
| 22:13 | Construir | House |
Build order — Oni.TheViper
Primeras 150 de 403 acciones detectadas
| 0:00 | Crear | Villager (Male) |
| 0:01 | Construir | House |
| 0:02 | Construir | House |
| 0:03 | Crear | Villager (Male) |
| 0:04 | Crear | Villager (Male) |
| 0:06 | Crear | Villager (Male) |
| 1:17 | Crear | Villager (Male) |
| 1:20 | Construir | Lumber Camp |
| 1:47 | Crear | Villager (Male) |
| 2:06 | Crear | Villager (Male) |
| 2:31 | Crear | Villager (Male) |
| 2:55 | Crear | Villager (Male) |
| 2:57 | Construir | House |
| 3:17 | Crear | Villager (Male) |
| 3:35 | Crear | Villager (Male) |
| 4:07 | Construir | Dock |
| 4:16 | Crear | Villager (Male) |
| 4:36 | Crear | Villager (Male) |
| 4:52 | Crear | Fishing Ship |
| 4:58 | Crear | Villager (Male) |
| 5:25 | Crear | Fishing Ship |
| 5:29 | Construir | House |
| 5:32 | Crear | Villager (Male) |
| 5:35 | Crear | Villager (Male) |
| 5:37 | Crear | Villager (Male) |
| 5:58 | Crear | Fishing Ship |
| 6:38 | Investigar | Loom |
| 6:48 | Crear | Fishing Ship |
| 7:22 | Crear | Fishing Ship |
| 7:25 | Construir | House |
| 7:30 | Crear | Villager (Male) |
| 7:33 | Crear | Fishing Ship |
| 7:52 | Crear | Villager (Male) |
| 7:53 | Crear | Villager (Male) |
| 7:53 | Crear | Villager (Male) |
| 8:10 | Construir | House |
| 8:13 | Crear | Villager (Male) |
| 8:29 | Construir | House |
| 8:39 | Crear | Villager (Male) |
| 8:42 | Construir | House |
| 8:46 | Construir | House |
| 8:52 | Construir | House |
| 9:11 | Investigar | Feudal Age |
| 9:16 | Construir | Mining Camp |
| 9:45 | Construir | Barracks |
| 10:48 | Construir | House |
| 10:57 | Crear | Villager (Male) |
| 11:38 | Crear | Villager (Male) |
| 11:40 | Construir | Mill |
| 11:46 | Edad | Edad Feudal |
| 11:48 | Construir | Blacksmith |
| 11:50 | Investigar | Double-Bit Axe |
| 11:51 | Investigar | Tech 906 |
| 12:01 | Crear | Villager (Male) |
| 12:16 | Construir | Archery Range |
| 12:19 | Construir | House |
| 12:29 | Construir | Palisade Wall |
| 12:30 | Construir | Palisade Wall |
| 12:35 | Construir | Market |
| 13:06 | Investigar | Castle Age |
| 13:06 | Investigar | Castle Age |
| 13:25 | Crear | Archer |
| 13:27 | Crear | Archer |
| 13:30 | Investigar | Gold Mining |
| 13:31 | Crear | Villager (Male) |
| 13:59 | Crear | Archer |
| 14:08 | Construir | Palisade Wall |
| 14:09 | Construir | Palisade Wall |
| 14:09 | Construir | Palisade Wall |
| 14:10 | Construir | Palisade Wall |
| 14:12 | Crear | Archer |
| 14:22 | Construir | House |
| 14:32 | Construir | House |
| 14:43 | Crear | Spearman |
| 14:43 | Crear | Spearman |
| 14:46 | Construir | House |
| 14:48 | Construir | Palisade Wall |
| 14:51 | Crear | Galley |
| 14:54 | Construir | House |
| 14:54 | Construir | House |
| 14:57 | Investigar | Fletching |
| 15:19 | Construir | Archery Range |
| 15:20 | Crear | Archer |
| 15:25 | Crear | Villager (Male) |
| 15:30 | Construir | House |
| 15:37 | Construir | House |
| 15:41 | Crear | Fire Galley |
| 15:46 | Edad | Edad de los Castillos |
| 15:51 | Investigar | Crossbowman (upgrade) |
| 15:58 | Construir | Town Center |
| 16:01 | Construir | Town Center |
| 16:05 | Crear | Villager (Male) |
| 16:17 | Construir | House |
| 16:19 | Crear | Archer |
| 16:19 | Crear | Archer |
| 16:40 | Crear | Archer |
| 16:56 | Crear | Archer |
| 17:11 | Construir | Monastery |
| 17:16 | Crear | Archer |
| 17:23 | Crear | Villager (Male) |
| 17:23 | Crear | Villager (Male) |
| 17:38 | Construir | Palisade Wall |
| 17:39 | Construir | Palisade Wall |
| 17:40 | Construir | Palisade Wall |
| 17:52 | Construir | Fish Trap |
| 18:01 | Construir | Farm |
| 18:07 | Investigar | Bodkin Arrow |
| 18:10 | Crear | Unit 2626 |
| 18:17 | Crear | Monk |
| 18:34 | Crear | Archer |
| 18:41 | Crear | Archer |
| 18:43 | Construir | Fish Trap |
| 19:03 | Crear | Archer |
| 19:03 | Crear | Villager (Male) |
| 19:08 | Construir | House |
| 19:10 | Construir | Fish Trap |
| 19:22 | Crear | Archer |
| 19:23 | Crear | Villager (Male) |
| 19:31 | Crear | Villager (Male) |
| 19:37 | Construir | Fish Trap |
| 20:00 | Crear | Archer |
| 20:01 | Crear | Archer |
| 20:03 | Crear | Villager (Male) |
| 20:14 | Crear | Archer |
| 20:15 | Crear | Villager (Male) |
| 20:16 | Crear | Villager (Male) |
| 20:26 | Crear | Villager (Male) |
| 20:26 | Crear | Villager (Male) |
| 20:40 | Crear | Archer |
| 20:40 | Crear | Archer |
| 20:41 | Construir | House |
| 20:50 | Crear | Villager (Male) |
| 21:11 | Crear | Villager (Male) |
| 21:20 | Crear | Villager (Male) |
| 21:28 | Crear | Archer |
| 21:32 | Crear | Archer |
| 21:33 | Crear | Villager (Male) |
| 21:47 | Crear | Villager (Male) |
| 21:49 | Crear | Archer |
| 21:49 | Crear | Archer |
| 22:06 | Crear | Villager (Male) |
| 22:10 | Crear | Villager (Male) |
| 22:15 | Construir | House |
| 22:20 | Construir | Fish Trap |
| 22:22 | Crear | Villager (Male) |
| 22:29 | Construir | Siege Workshop |
| 22:31 | Crear | Archer |
| 22:39 | Crear | Villager (Male) |
| 23:03 | Crear | Villager (Male) |
| 23:08 | Construir | Farm |
Build order — pääjehu
Primeras 150 de 362 acciones detectadas
| 0:00 | Crear | Villager (Male) ×4 |
| 0:02 | Construir | House |
| 0:03 | Construir | House |
| 1:18 | Investigar | Loom |
| 1:50 | Crear | Villager (Male) |
| 2:14 | Crear | Villager (Male) |
| 2:33 | Crear | Villager (Male) |
| 2:34 | Construir | Palisade Wall |
| 3:02 | Crear | Villager (Male) |
| 3:25 | Crear | Villager (Male) |
| 3:39 | Construir | House |
| 4:02 | Crear | Villager (Male) |
| 4:24 | Crear | Villager (Male) |
| 4:56 | Crear | Villager (Male) |
| 5:27 | Crear | Villager (Male) ×2 |
| 5:53 | Construir | House |
| 6:45 | Crear | Villager (Male) |
| 6:52 | Construir | Palisade Wall |
| 6:53 | Construir | Palisade Wall |
| 6:53 | Construir | Palisade Wall |
| 7:10 | Crear | Villager (Male) |
| 7:40 | Crear | Villager (Male) |
| 7:51 | Construir | Outpost |
| 8:27 | Crear | Villager (Male) |
| 8:39 | Construir | Palisade Wall |
| 8:41 | Construir | Palisade Wall |
| 8:44 | Construir | Palisade Wall |
| 8:45 | Construir | Palisade Wall |
| 8:47 | Construir | Palisade Wall |
| 8:51 | Crear | Villager (Male) ×3 |
| 9:05 | Construir | Palisade Wall |
| 9:05 | Construir | Palisade Wall |
| 9:11 | Construir | Palisade Gate |
| 9:30 | Construir | House |
| 9:48 | Crear | Villager (Male) ×3 |
| 10:16 | Construir | Palisade Wall |
| 10:17 | Crear | Villager (Male) |
| 10:47 | Crear | Villager (Male) ×2 |
| 11:00 | Construir | Palisade Wall |
| 11:00 | Construir | Palisade Wall |
| 11:00 | Construir | Palisade Wall |
| 11:02 | Construir | Palisade Wall |
| 11:03 | Construir | Palisade Wall |
| 11:23 | Construir | Palisade Wall |
| 11:53 | Construir | House |
| 11:54 | Crear | Villager (Male) |
| 12:21 | Crear | Villager (Male) |
| 12:35 | Construir | House |
| 12:40 | Crear | Villager (Male) ×3 |
| 12:47 | Construir | Lumber Camp |
| 13:33 | Construir | Palisade Wall |
| 13:46 | Construir | Palisade Wall |
| 13:55 | Construir | Palisade Wall |
| 13:59 | Construir | Palisade Wall |
| 14:02 | Construir | Palisade Wall |
| 14:07 | Construir | Palisade Wall |
| 14:09 | Construir | Palisade Wall |
| 14:13 | Construir | Barracks |
| 14:49 | Construir | Palisade Wall |
| 14:49 | Construir | Palisade Wall |
| 14:50 | Construir | Palisade Wall |
| 14:52 | Construir | Palisade Wall |
| 14:58 | Construir | Palisade Wall |
| 14:59 | Construir | Palisade Wall |
| 15:01 | Construir | Palisade Wall |
| 15:02 | Construir | Palisade Wall |
| 15:07 | Construir | Palisade Wall |
| 15:11 | Construir | Palisade Wall |
| 15:13 | Construir | Palisade Wall |
| 15:17 | Construir | Mill |
| 15:21 | Construir | Palisade Wall |
| 15:25 | Crear | Villager (Male) |
| 15:30 | Construir | Palisade Wall |
| 15:34 | Construir | Palisade Gate |
| 15:55 | Investigar | Feudal Age |
| 16:25 | Construir | Palisade Wall |
| 16:43 | Construir | House |
| 16:47 | Construir | Palisade Gate |
| 16:50 | Construir | Palisade Gate |
| 16:52 | Construir | Palisade Wall |
| 16:53 | Construir | Palisade Wall |
| 16:56 | Construir | Palisade Wall |
| 17:23 | Construir | Farm |
| 17:24 | Construir | Farm |
| 17:36 | Construir | Palisade Wall |
| 17:36 | Construir | Palisade Wall |
| 17:56 | Construir | Palisade Wall |
| 17:57 | Crear | Villager (Male) |
| 17:57 | Crear | Villager (Male) |
| 18:00 | Construir | Mining Camp |
| 18:05 | Edad | Edad Feudal |
| 18:19 | Investigar | Double-Bit Axe |
| 18:23 | Construir | Farm |
| 18:25 | Construir | Farm |
| 18:26 | Construir | Farm |
| 18:32 | Construir | Stone Wall |
| 18:33 | Construir | Stone Wall |
| 18:33 | Construir | Stone Wall |
| 18:34 | Construir | Stone Wall |
| 18:34 | Construir | Stone Wall |
| 18:35 | Construir | Stone Wall |
| 18:36 | Construir | Stone Wall |
| 18:41 | Construir | Palisade Wall |
| 18:44 | Construir | Palisade Wall |
| 18:47 | Construir | Palisade Wall |
| 18:48 | Construir | Palisade Wall |
| 18:48 | Construir | Palisade Wall |
| 18:54 | Crear | Villager (Male) |
| 19:13 | Construir | Barracks |
| 19:20 | Crear | Villager (Male) |
| 19:40 | Crear | Villager (Male) |
| 20:07 | Construir | Market |
| 20:10 | Crear | Villager (Male) |
| 20:10 | Crear | Spearman |
| 20:12 | Construir | House |
| 20:21 | Construir | Palisade Wall |
| 20:22 | Construir | Palisade Wall |
| 20:24 | Construir | Palisade Wall |
| 20:27 | Construir | Palisade Wall |
| 20:27 | Construir | Palisade Wall |
| 20:35 | Crear | Villager (Male) |
| 20:36 | Construir | Archery Range |
| 20:38 | Construir | House |
| 20:39 | Construir | Palisade Wall |
| 20:39 | Construir | Palisade Wall |
| 20:44 | Construir | Palisade Wall |
| 20:56 | Construir | Palisade Wall |
| 20:58 | Construir | Palisade Wall |
| 21:03 | Crear | Villager (Male) |
| 21:06 | Construir | Blacksmith |
| 21:25 | Construir | Palisade Wall |
| 21:30 | Construir | Farm |
| 21:43 | Investigar | Castle Age |
| 21:52 | Crear | Archer |
| 22:09 | Crear | Archer |
| 22:13 | Construir | Farm |
| 22:45 | Construir | House |
| 23:00 | Crear | Archer |
| 23:01 | Crear | Archer |
| 23:04 | Investigar | Fletching |
| 23:23 | Crear | Archer |
| 23:26 | Construir | Archery Range |
| 23:39 | Construir | House |
| 23:46 | Crear | Archer |
| 23:50 | Construir | House |
| 23:52 | Construir | House |
| 24:23 | Edad | Edad de los Castillos |
| 24:33 | Construir | Town Center |
| 24:40 | Crear | Villager (Male) |
| 24:44 | Construir | Market |
Build order — Mettiu
Primeras 150 de 418 acciones detectadas
| 0:01 | Crear | Villager (Male) ×4 |
| 0:02 | Construir | House |
| 0:03 | Construir | House |
| 1:26 | Crear | Villager (Male) |
| 1:47 | Construir | Lumber Camp |
| 1:58 | Crear | Villager (Male) |
| 2:24 | Crear | Villager (Male) |
| 3:00 | Crear | Villager (Male) |
| 3:02 | Crear | Villager (Male) |
| 3:38 | Crear | Villager (Male) |
| 3:57 | Crear | Villager (Male) |
| 4:00 | Construir | House |
| 4:02 | Construir | House |
| 4:26 | Construir | Mill |
| 4:38 | Crear | Villager (Male) |
| 5:00 | Crear | Villager (Male) |
| 5:18 | Crear | Villager (Male) |
| 5:42 | Crear | Villager (Male) |
| 5:54 | Crear | Villager (Male) |
| 6:00 | Crear | Villager (Male) |
| 6:27 | Crear | Villager (Male) |
| 6:48 | Crear | Villager (Male) |
| 6:59 | Construir | House |
| 7:29 | Construir | House |
| 7:34 | Construir | House |
| 7:39 | Crear | Villager (Male) |
| 7:56 | Crear | Villager (Male) |
| 8:18 | Construir | House |
| 8:31 | Construir | Farm |
| 8:34 | Investigar | Feudal Age |
| 8:44 | Construir | Mining Camp |
| 10:46 | Crear | Villager (Male) |
| 10:46 | Crear | Villager (Male) |
| 11:00 | Edad | Edad Feudal |
| 11:01 | Construir | Market |
| 11:02 | Construir | Blacksmith |
| 11:50 | Investigar | Castle Age |
| 12:54 | Investigar | Double-Bit Axe |
| 12:55 | Investigar | Horse Collar |
| 13:30 | Crear | Villager (Male) |
| 13:30 | Crear | Villager (Male) |
| 14:06 | Construir | Farm |
| 14:06 | Construir | Farm |
| 14:08 | Construir | Farm |
| 14:23 | Construir | House |
| 14:28 | Construir | Palisade Wall |
| 14:29 | Construir | Palisade Wall |
| 14:30 | Edad | Edad de los Castillos |
| 14:31 | Construir | Palisade Wall |
| 14:33 | Construir | Monastery |
| 14:36 | Construir | Town Center |
| 15:11 | Construir | Town Center |
| 15:17 | Crear | Monk |
| 15:22 | Crear | Villager (Male) |
| 15:34 | Construir | House |
| 15:35 | Crear | Monk |
| 15:36 | Crear | Villager (Male) |
| 15:37 | Crear | Villager (Male) |
| 16:03 | Investigar | Gold Mining |
| 16:10 | Crear | Villager (Male) |
| 16:14 | Crear | Villager (Male) |
| 16:14 | Crear | Villager (Male) |
| 16:24 | Construir | House |
| 16:27 | Investigar | Sanctity |
| 16:39 | Crear | Villager (Male) |
| 16:39 | Crear | Villager (Male) |
| 16:43 | Investigar | Wheelbarrow |
| 16:54 | Investigar | Loom |
| 16:55 | Investigar | Town Watch |
| 17:00 | Construir | House |
| 17:01 | Construir | House |
| 17:04 | Construir | House |
| 17:07 | Construir | Farm |
| 17:10 | Crear | Villager (Male) |
| 17:15 | Construir | Monastery |
| 17:29 | Crear | Villager (Male) |
| 17:31 | Construir | Farm |
| 17:32 | Construir | Farm |
| 17:35 | Construir | Farm |
| 17:37 | Construir | Farm |
| 17:40 | Crear | Villager (Male) |
| 17:45 | Crear | Monk |
| 17:56 | Construir | House |
| 18:10 | Crear | Villager (Male) |
| 18:11 | Construir | Farm |
| 18:15 | Crear | Monk |
| 18:22 | Construir | Farm |
| 18:24 | Construir | Farm |
| 18:26 | Construir | House |
| 18:28 | Construir | House |
| 18:30 | Construir | Palisade Wall |
| 18:32 | Crear | Villager (Male) |
| 18:42 | Crear | Monk |
| 18:44 | Crear | Villager (Male) |
| 18:56 | Crear | Villager (Male) |
| 18:59 | Construir | Farm |
| 18:59 | Construir | Farm |
| 19:03 | Construir | Farm |
| 19:04 | Construir | Farm |
| 19:05 | Construir | Farm |
| 19:07 | Construir | Farm |
| 19:08 | Construir | Farm |
| 19:17 | Crear | Monk |
| 19:27 | Crear | Villager (Male) |
| 19:31 | Construir | House |
| 19:34 | Construir | House |
| 19:38 | Crear | Monk |
| 19:40 | Crear | Villager (Male) |
| 19:46 | Crear | Villager (Male) |
| 19:50 | Construir | Farm |
| 19:57 | Crear | Villager (Male) |
| 19:58 | Construir | Farm |
| 20:01 | Construir | Monastery |
| 20:07 | Crear | Villager (Male) |
| 20:13 | Construir | Monastery |
| 20:18 | Crear | Villager (Male) ×2 |
| 20:26 | Construir | Farm |
| 20:32 | Crear | Villager (Male) |
| 20:44 | Crear | Villager (Male) |
| 20:44 | Crear | Villager (Male) |
| 20:44 | Crear | Villager (Male) |
| 20:50 | Construir | Monastery |
| 20:52 | Crear | Villager (Male) |
| 21:00 | Crear | Monk |
| 21:00 | Crear | Monk |
| 21:01 | Crear | Villager (Male) |
| 21:13 | Crear | Villager (Male) |
| 21:13 | Crear | Villager (Male) |
| 21:18 | Crear | Villager (Male) |
| 21:22 | Construir | Farm |
| 21:25 | Construir | Lumber Camp |
| 21:28 | Crear | Monk |
| 21:31 | Crear | Monk |
| 21:31 | Crear | Monk |
| 21:37 | Crear | Villager (Male) |
| 21:37 | Crear | Villager (Male) |
| 21:45 | Crear | Villager (Male) ×3 |
| 21:47 | Construir | Farm |
| 21:50 | Construir | Farm |
| 21:52 | Construir | Farm |
| 21:55 | Construir | Farm |
| 22:03 | Crear | Villager (Male) |
| 22:03 | Crear | Villager (Male) |
| 22:08 | Construir | Mining Camp |
| 22:09 | Investigar | Stone Mining |
| 22:15 | Crear | Villager (Male) |
| 22:26 | Construir | Gate |
| 22:36 | Crear | Monk |
| 22:37 | Crear | Monk |
| 22:37 | Crear | Monk |
Build order — Rodney McKay
Primeras 150 de 397 acciones detectadas
| 0:01 | Crear | Villager (Male) |
| 0:02 | Construir | House |
| 0:03 | Construir | House |
| 0:09 | Crear | Villager (Male) |
| 0:14 | Crear | Villager (Male) |
| 0:14 | Crear | Villager (Male) |
| 0:24 | Investigar | Loom |
| 0:29 | Crear | Villager (Male) |
| 0:30 | Crear | Villager (Male) |
| 0:49 | Construir | Palisade Wall |
| 1:37 | Crear | Villager (Male) |
| 1:38 | Crear | Villager (Male) |
| 2:15 | Crear | Villager (Male) |
| 2:33 | Construir | Palisade Wall |
| 2:35 | Construir | Palisade Wall |
| 2:40 | Construir | Palisade Wall |
| 2:41 | Construir | Palisade Wall |
| 2:43 | Construir | Palisade Wall |
| 2:45 | Construir | Palisade Wall |
| 2:50 | Construir | Palisade Wall |
| 2:51 | Construir | Palisade Wall |
| 2:52 | Construir | Palisade Wall |
| 2:56 | Crear | Villager (Male) |
| 3:23 | Construir | Palisade Wall |
| 3:24 | Construir | Palisade Wall |
| 3:25 | Construir | Palisade Wall |
| 3:38 | Crear | Villager (Male) |
| 3:57 | Crear | Villager (Male) |
| 4:04 | Construir | House |
| 4:18 | Crear | Villager (Male) |
| 5:23 | Crear | Villager (Male) |
| 5:27 | Construir | Palisade Wall |
| 5:39 | Construir | Palisade Wall |
| 5:43 | Crear | Villager (Male) |
| 5:51 | Construir | Palisade Wall |
| 6:07 | Construir | Palisade Wall |
| 6:25 | Crear | Villager (Male) |
| 6:25 | Crear | Villager (Male) |
| 6:26 | Construir | House |
| 6:50 | Crear | Villager (Male) |
| 7:04 | Crear | Villager (Male) |
| 7:04 | Crear | Villager (Male) |
| 7:43 | Construir | House |
| 7:52 | Crear | Villager (Male) |
| 7:56 | Construir | House |
| 8:41 | Construir | House |
| 8:51 | Construir | House |
| 8:59 | Crear | Villager (Male) |
| 8:59 | Crear | Villager (Male) |
| 9:00 | Crear | Villager (Male) |
| 9:07 | Construir | Lumber Camp |
| 9:32 | Crear | Villager (Male) |
| 10:02 | Crear | Villager (Male) |
| 10:04 | Construir | House |
| 10:25 | Crear | Villager (Male) |
| 10:38 | Crear | Villager (Male) |
| 10:52 | Construir | Dock |
| 11:11 | Construir | Palisade Wall |
| 11:14 | Construir | Palisade Wall |
| 11:17 | Construir | Palisade Wall |
| 11:24 | Crear | Villager (Male) |
| 11:28 | Construir | Palisade Wall |
| 11:34 | Crear | Villager (Male) |
| 11:37 | Crear | Villager (Male) |
| 11:55 | Crear | Villager (Male) |
| 12:07 | Crear | Villager (Male) |
| 12:11 | Construir | Palisade Wall |
| 12:16 | Crear | Villager (Male) |
| 12:17 | Crear | Villager (Male) |
| 12:18 | Crear | Fishing Ship |
| 12:29 | Crear | Villager (Male) |
| 12:45 | Crear | Fishing Ship |
| 12:59 | Crear | Villager (Male) |
| 13:04 | Crear | Villager (Male) |
| 13:16 | Crear | Villager (Male) |
| 13:18 | Construir | House |
| 13:33 | Construir | House |
| 13:35 | Crear | Villager (Male) |
| 13:45 | Crear | Fishing Ship |
| 13:52 | Construir | Palisade Wall |
| 14:00 | Investigar | Feudal Age |
| 14:11 | Construir | Palisade Wall |
| 14:22 | Construir | Palisade Wall |
| 14:29 | Construir | Palisade Wall |
| 14:34 | Construir | Palisade Wall |
| 14:42 | Crear | Fishing Ship |
| 14:42 | Crear | Fishing Ship |
| 14:48 | Construir | Palisade Wall |
| 14:51 | Construir | Palisade Wall |
| 15:05 | Construir | Mining Camp |
| 15:25 | Edad | Edad Feudal |
| 15:28 | Construir | Stone Wall |
| 15:31 | Crear | Villager (Male) |
| 15:33 | Crear | Villager (Male) |
| 15:37 | Construir | Outpost |
| 15:39 | Construir | Stone Wall |
| 15:40 | Crear | Villager (Male) |
| 15:59 | Construir | Stone Wall |
| 16:02 | Construir | Stone Wall |
| 16:08 | Crear | Villager (Male) |
| 16:12 | Construir | House |
| 16:14 | Crear | Villager (Male) |
| 16:17 | Construir | Stone Wall |
| 16:29 | Construir | Stone Wall |
| 16:41 | Construir | Stone Wall |
| 16:47 | Crear | Villager (Male) |
| 16:54 | Construir | Stone Wall |
| 16:59 | Construir | Stone Wall |
| 17:07 | Construir | Mill |
| 17:08 | Crear | Villager (Male) |
| 17:20 | Construir | Stone Wall |
| 17:32 | Construir | Stone Wall |
| 17:42 | Construir | House |
| 17:47 | Construir | Stone Wall |
| 18:07 | Construir | Stone Wall |
| 18:12 | Construir | Stone Wall |
| 18:13 | Crear | Fishing Ship |
| 18:17 | Construir | Market |
| 18:20 | Construir | Blacksmith |
| 18:26 | Construir | Stone Wall |
| 18:31 | Construir | Stone Wall |
| 18:37 | Crear | Villager (Male) |
| 18:40 | Construir | House |
| 18:41 | Construir | Stone Wall |
| 18:49 | Construir | Stone Wall |
| 18:51 | Construir | Stone Wall |
| 19:01 | Investigar | Double-Bit Axe |
| 19:04 | Crear | Villager (Male) |
| 19:18 | Construir | Stone Wall |
| 19:19 | Construir | Stone Wall |
| 19:21 | Construir | Stone Wall |
| 19:22 | Construir | Stone Wall |
| 19:24 | Construir | Stone Wall |
| 19:27 | Crear | Villager (Male) |
| 19:40 | Construir | Stone Wall |
| 19:41 | Construir | Stone Wall |
| 19:42 | Construir | Stone Wall |
| 19:51 | Construir | Watch Tower |
| 20:12 | Crear | Villager (Male) |
| 20:16 | Construir | Stone Wall |
| 20:27 | Construir | House |
| 20:29 | Crear | Villager (Male) |
| 20:51 | Construir | Stone Wall |
| 20:55 | Crear | Villager (Male) |
| 20:59 | Construir | Stone Wall |
| 21:04 | Construir | Stone Wall |
| 21:09 | Construir | Farm |
| 21:10 | Construir | Farm |
| 21:12 | Construir | Farm |
| 21:14 | Construir | Farm |
Cronología de la partida
| 0:49 | Rodney McKay · wall_segment Palisade Wall x6 |
| 1:23 | Chrisybooo · wall_segment Palisade Wall x7 |
| 2:33 | Rodney McKay · wall_segment Palisade Wall x3 |
| 2:34 | pääjehu · wall_segment Palisade Wall x5 |
| 2:35 | Rodney McKay · wall_segment Palisade Wall x1 |
| 2:40 | Rodney McKay · wall_segment Palisade Wall x1 |
| 2:41 | Rodney McKay · wall_segment Palisade Wall x1 |
| 2:43 | Rodney McKay · wall_segment Palisade Wall x1 |
| 2:45 | Rodney McKay · wall_segment Palisade Wall x1 |
| 2:50 | Rodney McKay · wall_segment Palisade Wall x1 |
| 2:51 | Rodney McKay · wall_segment Palisade Wall x1 |
| 2:52 | Rodney McKay · wall_segment Palisade Wall x1 |
| 3:04 | CNZS_Daniel · wall_segment Palisade Wall x1 |
| 3:05 | CNZS_Daniel · wall_segment Palisade Wall x1 |
| 3:09 | CNZS_Daniel · wall_segment Palisade Wall x1 |
| 3:11 | CNZS_Daniel · wall_segment Palisade Wall x1 |
| 3:12 | CNZS_Daniel · wall_segment Palisade Wall x1 |
| 3:23 | Rodney McKay · wall_segment Palisade Wall x1 |
| 3:24 | Rodney McKay · wall_segment Palisade Wall x1 |
| 3:25 | Rodney McKay · wall_segment Palisade Wall x1 |
| 3:43 | CNZS_Daniel · wall_segment Palisade Wall x1 |
| 3:43 | CNZS_Daniel · wall_segment Palisade Wall x1 |
| 3:53 | CNZS_Daniel · wall_segment Palisade Wall x1 |
| 3:54 | CNZS_Daniel · wall_segment Palisade Wall x1 |
| 4:07 | Oni.TheViper · first_building Dock |
| 4:23 | NOC | Target331 · first_building Dock |
| 4:37 | CNZS_Daniel · wall_segment Palisade Wall x1 |
| 4:41 | abundzuehalt · first_building Dock |
| 5:27 | Rodney McKay · wall_segment Palisade Wall x2 |
| 5:31 | CNZS_Daniel · wall_segment Palisade Wall x1 |
| 5:39 | Rodney McKay · wall_segment Palisade Wall x1 |
| 5:43 | CNZS_Daniel · wall_segment Palisade Wall x3 |
| 5:51 | Rodney McKay · wall_segment Palisade Wall x5 |
| 6:07 | Rodney McKay · wall_segment Palisade Wall x1 |
| 6:31 | CNZS_Daniel · wall_segment Palisade Wall x2 |
| 6:33 | Chrisybooo · wall_segment Palisade Wall x7 |
| 6:40 | CNZS_Daniel · wall_segment Palisade Wall x1 |
| 6:41 | CNZS_Daniel · wall_segment Palisade Wall x1 |
| 6:43 | CNZS_Daniel · wall_segment Palisade Wall x1 |
| 6:44 | CNZS_Daniel · wall_segment Palisade Wall x1 |
| 6:52 | pääjehu · wall_segment Palisade Wall x1 |
| 6:53 | pääjehu · wall_segment Palisade Wall x1 |
| 6:53 | pääjehu · wall_segment Palisade Wall x1 |
| 6:55 | Chrisybooo · wall_segment Palisade Wall x1 |
| 7:56 | abundzuehalt · wall_segment Palisade Wall x1 |
| 8:39 | pääjehu · wall_segment Palisade Wall x1 |
| 8:41 | pääjehu · wall_segment Palisade Wall x1 |
| 8:44 | pääjehu · wall_segment Palisade Wall x1 |
| 8:45 | pääjehu · wall_segment Palisade Wall x1 |
| 8:47 | pääjehu · wall_segment Palisade Wall x1 |
| 8:49 | Chrisybooo · wall_segment Palisade Wall x1 |
| 8:51 | Chrisybooo · wall_segment Palisade Wall x1 |
| 9:05 | pääjehu · wall_segment Palisade Wall x1 |
| 9:05 | pääjehu · wall_segment Palisade Wall x1 |
| 9:21 | abundzuehalt · wall_segment Palisade Wall x1 |
| 9:26 | abundzuehalt · wall_segment Palisade Wall x1 |
| 9:34 | abundzuehalt · wall_segment Palisade Wall x1 |
| 9:36 | abundzuehalt · wall_segment Palisade Wall x1 |
| 9:45 | Oni.TheViper · first_building Barracks |
| 9:58 | NOC | Target331 · wall_segment Palisade Wall x1 |
| 9:59 | CNZS_Daniel · wall_segment Palisade Wall x1 |
| 10:05 | NOC | Target331 · wall_segment Palisade Wall x1 |
| 10:11 | Chrisybooo · wall_segment Palisade Wall x1 |
| 10:13 | NOC | Target331 · wall_segment Palisade Wall x1 |
| 10:16 | pääjehu · wall_segment Palisade Wall x1 |
| 10:19 | Chrisybooo · wall_segment Palisade Wall x1 |
| 10:19 | CNZS_Daniel · wall_segment Palisade Wall x1 |
| 10:21 | Chrisybooo · wall_segment Palisade Wall x1 |
| 10:23 | Chrisybooo · wall_segment Palisade Wall x1 |
| 10:24 | NOC | Target331 · first_building Barracks |
| 10:52 | Chrisybooo · wall_segment Palisade Wall x1 |
| 10:52 | Rodney McKay · first_building Dock |
| 10:57 | Chrisybooo · wall_segment Palisade Wall x1 |
| 10:58 | Chrisybooo · wall_segment Palisade Wall x1 |
| 10:59 | Chrisybooo · wall_segment Palisade Wall x1 |
| 11:00 | pääjehu · wall_segment Palisade Wall x1 |
| 11:00 | Mettiu · age_up feudal |
| 11:00 | pääjehu · wall_segment Palisade Wall x1 |
| 11:00 | pääjehu · wall_segment Palisade Wall x1 |
| 11:02 | pääjehu · wall_segment Palisade Wall x1 |
| 11:03 | pääjehu · wall_segment Palisade Wall x4 |
| 11:04 | Chrisybooo · wall_segment Palisade Wall x1 |
| 11:09 | Chrisybooo · wall_segment Palisade Wall x1 |
| 11:11 | Rodney McKay · wall_segment Palisade Wall x1 |
| 11:14 | Rodney McKay · wall_segment Palisade Wall x1 |
| 11:17 | Rodney McKay · wall_segment Palisade Wall x1 |
| 11:23 | pääjehu · wall_segment Palisade Wall x1 |
| 11:25 | CNZS_Daniel · wall_segment Palisade Wall x2 |
| 11:28 | CNZS_Daniel · wall_segment Palisade Wall x6 |
| 11:28 | Rodney McKay · wall_segment Palisade Wall x1 |
| 11:29 | CNZS_Daniel · wall_segment Palisade Wall x1 |
| 11:30 | CNZS_Daniel · wall_segment Palisade Wall x1 |
| 11:33 | CNZS_Daniel · wall_segment Palisade Wall x1 |
| 11:36 | CNZS_Daniel · wall_segment Palisade Wall x1 |
| 11:40 | CNZS_Daniel · wall_segment Palisade Wall x1 |
| 11:42 | CNZS_Daniel · wall_segment Palisade Wall x1 |
| 11:46 | Oni.TheViper · age_up feudal |
| 11:47 | NOC | Target331 · age_up feudal |
| 11:49 | Chrisybooo · wall_segment Palisade Wall x1 |
| 11:50 | NOC | Target331 · first_building Stable |
| 11:57 | abundzuehalt · age_up feudal |
| 11:59 | CNZS_Daniel · wall_segment Palisade Wall x1 |
| 12:03 | CNZS_Daniel · wall_segment Palisade Wall x1 |
| 12:03 | CNZS_Daniel · wall_segment Palisade Wall x1 |
| 12:11 | Rodney McKay · wall_segment Palisade Wall x1 |
| 12:16 | Oni.TheViper · first_building Archery Range |
| 12:16 | CNZS_Daniel · wall_segment Palisade Wall x1 |
| 12:29 | Oni.TheViper · wall_segment Palisade Wall x1 |
| 12:30 | Chrisybooo · first_building Dock |
| 12:30 | Oni.TheViper · wall_segment Palisade Wall x1 |
| 12:37 | Chrisybooo · wall_segment Palisade Wall x1 |
| 12:40 | Chrisybooo · wall_segment Palisade Wall x1 |
| 12:46 | Chrisybooo · wall_segment Palisade Wall x1 |
| 12:46 | CNZS_Daniel · wall_segment Palisade Wall x6 |
| 12:47 | Chrisybooo · wall_segment Palisade Wall x1 |
| 12:50 | Chrisybooo · wall_segment Palisade Wall x1 |
| 12:51 | Chrisybooo · wall_segment Palisade Wall x1 |
| 12:53 | Chrisybooo · wall_segment Palisade Wall x1 |
| 13:12 | abundzuehalt · wall_segment Palisade Wall x1 |
| 13:17 | Chrisybooo · wall_segment Palisade Wall x1 |
| 13:33 | pääjehu · wall_segment Palisade Wall x1 |
| 13:36 | CNZS_Daniel · wall_segment Palisade Wall x15 |
| 13:44 | Chrisybooo · age_up feudal |
| 13:45 | abundzuehalt · wall_segment Palisade Wall x1 |
| 13:46 | pääjehu · wall_segment Palisade Wall x2 |
| 13:52 | Rodney McKay · wall_segment Palisade Wall x8 |
| 13:55 | pääjehu · wall_segment Palisade Wall x2 |
| 13:58 | CNZS_Daniel · wall_segment Palisade Wall x1 |
| 13:59 | pääjehu · wall_segment Palisade Wall x1 |
| 13:59 | CNZS_Daniel · wall_segment Palisade Wall x1 |
| 14:02 | pääjehu · wall_segment Palisade Wall x1 |
| 14:07 | pääjehu · wall_segment Palisade Wall x1 |
| 14:08 | Oni.TheViper · wall_segment Palisade Wall x1 |
| 14:09 | Oni.TheViper · wall_segment Palisade Wall x1 |
| 14:09 | Oni.TheViper · wall_segment Palisade Wall x1 |
| 14:09 | pääjehu · wall_segment Palisade Wall x1 |
| 14:10 | Oni.TheViper · wall_segment Palisade Wall x1 |
| 14:11 | Rodney McKay · wall_segment Palisade Wall x1 |
| 14:12 | CNZS_Daniel · first_building Barracks |
| 14:13 | pääjehu · first_building Barracks |
| 14:13 | Chrisybooo · wall_segment Stone Wall x7 |
| 14:22 | Rodney McKay · wall_segment Palisade Wall x7 |
| 14:28 | Mettiu · wall_segment Palisade Wall x1 |
| 14:29 | Rodney McKay · wall_segment Palisade Wall x2 |
| 14:29 | Mettiu · wall_segment Palisade Wall x1 |
| 14:30 | Mettiu · age_up castle |
| 14:31 | Mettiu · wall_segment Palisade Wall x1 |
| 14:33 | Mettiu · first_building Monastery |
| 14:34 | Rodney McKay · wall_segment Palisade Wall x8 |
| 14:42 | Chrisybooo · wall_segment Stone Wall x2 |
| 14:43 | abundzuehalt · wall_segment Palisade Wall x1 |
| 14:45 | Chrisybooo · wall_segment Stone Wall x5 |
| 14:48 | Oni.TheViper · wall_segment Palisade Wall x2 |
| 14:48 | Rodney McKay · wall_segment Palisade Wall x1 |
| 14:49 | pääjehu · wall_segment Palisade Wall x1 |
| 14:49 | pääjehu · wall_segment Palisade Wall x1 |
| 14:50 | Chrisybooo · wall_segment Stone Wall x1 |
| 14:50 | pääjehu · wall_segment Palisade Wall x1 |
| 14:51 | Rodney McKay · wall_segment Palisade Wall x1 |
| 14:52 | pääjehu · wall_segment Palisade Wall x1 |
| 14:58 | pääjehu · wall_segment Palisade Wall x1 |
| 14:59 | pääjehu · wall_segment Palisade Wall x1 |
| 15:01 | pääjehu · wall_segment Palisade Wall x1 |
| 15:01 | CNZS_Daniel · first_building Dock |
| 15:02 | pääjehu · wall_segment Palisade Wall x1 |
| 15:07 | pääjehu · wall_segment Palisade Wall x1 |
| 15:11 | pääjehu · wall_segment Palisade Wall x1 |
| 15:13 | pääjehu · wall_segment Palisade Wall x2 |
| 15:17 | Chrisybooo · wall_segment Stone Wall x1 |
| 15:21 | pääjehu · wall_segment Palisade Wall x6 |
| 15:24 | NOC | Target331 · age_up castle |
| 15:25 | Rodney McKay · age_up feudal |
| 15:27 | abundzuehalt · age_up castle |
| 15:28 | Rodney McKay · wall_segment Stone Wall x14 |
| 15:29 | abundzuehalt · first_building Castle |
| 15:30 | pääjehu · wall_segment Palisade Wall x9 |
| 15:39 | Rodney McKay · wall_segment Stone Wall x2 |
| 15:46 | Oni.TheViper · age_up castle |
| 15:59 | Rodney McKay · wall_segment Stone Wall x7 |
| 16:00 | CNZS_Daniel · wall_segment Palisade Wall x1 |
| 16:02 | Rodney McKay · wall_segment Stone Wall x7 |
| 16:17 | Rodney McKay · wall_segment Stone Wall x5 |
| 16:25 | pääjehu · wall_segment Palisade Wall x1 |
| 16:29 | Rodney McKay · wall_segment Stone Wall x4 |
| 16:39 | CNZS_Daniel · wall_segment Palisade Wall x10 |
| 16:41 | Rodney McKay · wall_segment Stone Wall x1 |
| 16:52 | pääjehu · wall_segment Palisade Wall x1 |
| 16:53 | pääjehu · wall_segment Palisade Wall x1 |
| 16:54 | Rodney McKay · wall_segment Stone Wall x8 |
| 16:56 | pääjehu · wall_segment Palisade Wall x1 |
| 16:59 | Rodney McKay · wall_segment Stone Wall x14 |
| 17:11 | Oni.TheViper · first_building Monastery |
| 17:20 | Rodney McKay · wall_segment Stone Wall x2 |
| 17:32 | Rodney McKay · wall_segment Stone Wall x10 |
| 17:36 | pääjehu · wall_segment Palisade Wall x1 |
| 17:36 | pääjehu · wall_segment Palisade Wall x1 |
| 17:38 | Oni.TheViper · wall_segment Palisade Wall x1 |
| 17:39 | Oni.TheViper · wall_segment Palisade Wall x1 |
| 17:40 | Oni.TheViper · wall_segment Palisade Wall x1 |
| 17:47 | Rodney McKay · wall_segment Stone Wall x1 |
| 17:54 | NOC | Target331 · first_building Siege Workshop |
| 17:56 | pääjehu · wall_segment Palisade Wall x1 |
| 18:02 | CNZS_Daniel · age_up feudal |
| 18:05 | pääjehu · age_up feudal |
| 18:07 | Rodney McKay · wall_segment Stone Wall x4 |
| 18:10 | abundzuehalt · first_market_buy 100 food |
| 18:12 | Rodney McKay · wall_segment Stone Wall x2 |
| 18:16 | Oni.TheViper · first_market_sell 100 wood |
| 18:26 | Rodney McKay · wall_segment Stone Wall x1 |
| 18:30 | Mettiu · wall_segment Palisade Wall x1 |
| 18:31 | Rodney McKay · wall_segment Stone Wall x10 |
| 18:32 | pääjehu · wall_segment Stone Wall x1 |
| 18:33 | pääjehu · wall_segment Stone Wall x1 |
| 18:33 | pääjehu · wall_segment Stone Wall x1 |
| 18:34 | pääjehu · wall_segment Stone Wall x1 |
| 18:34 | pääjehu · wall_segment Stone Wall x1 |
| 18:35 | pääjehu · wall_segment Stone Wall x1 |
| 18:36 | pääjehu · wall_segment Stone Wall x1 |
| 18:41 | pääjehu · wall_segment Palisade Wall x1 |
| 18:41 | Rodney McKay · wall_segment Stone Wall x1 |
| 18:44 | pääjehu · wall_segment Palisade Wall x1 |
| 18:44 | abundzuehalt · first_building Monastery |
| 18:47 | pääjehu · wall_segment Palisade Wall x1 |
| 18:48 | pääjehu · wall_segment Palisade Wall x1 |
| 18:48 | pääjehu · wall_segment Palisade Wall x1 |
| 18:49 | Rodney McKay · wall_segment Stone Wall x4 |
| 18:51 | Rodney McKay · wall_segment Stone Wall x1 |
| 19:18 | Rodney McKay · wall_segment Stone Wall x1 |
| 19:19 | Rodney McKay · wall_segment Stone Wall x1 |
| 19:21 | Rodney McKay · wall_segment Stone Wall x1 |
| 19:22 | Rodney McKay · wall_segment Stone Wall x1 |
| 19:24 | Rodney McKay · wall_segment Stone Wall x1 |
| 19:32 | CNZS_Daniel · wall_segment Palisade Wall x1 |
| 19:40 | Rodney McKay · wall_segment Stone Wall x1 |
| 19:41 | Rodney McKay · wall_segment Stone Wall x1 |
| 19:42 | Rodney McKay · wall_segment Stone Wall x1 |
| 20:16 | Rodney McKay · wall_segment Stone Wall x5 |
| 20:21 | pääjehu · wall_segment Palisade Wall x1 |
| 20:22 | pääjehu · wall_segment Palisade Wall x1 |
| 20:24 | pääjehu · wall_segment Palisade Wall x1 |
| 20:27 | pääjehu · wall_segment Palisade Wall x1 |
| 20:27 | pääjehu · wall_segment Palisade Wall x1 |
| 20:36 | pääjehu · first_building Archery Range |
| 20:39 | pääjehu · wall_segment Palisade Wall x1 |
| 20:39 | pääjehu · wall_segment Palisade Wall x1 |
| 20:44 | pääjehu · wall_segment Palisade Wall x1 |
| 20:51 | Rodney McKay · wall_segment Stone Wall x3 |
| 20:56 | pääjehu · wall_segment Palisade Wall x4 |
| 20:58 | pääjehu · wall_segment Palisade Wall x4 |
| 20:59 | Rodney McKay · wall_segment Stone Wall x6 |
| 21:04 | Rodney McKay · wall_segment Stone Wall x3 |
| 21:21 | Chrisybooo · first_market_sell 100 stone |
| 21:22 | Chrisybooo · first_market_buy 100 food |
| 21:25 | pääjehu · wall_segment Palisade Wall x1 |
| 21:31 | Rodney McKay · wall_segment Stone Wall x2 |
| 22:18 | Mettiu · first_market_buy 100 stone |
| 22:21 | Rodney McKay · wall_segment Stone Wall x1 |
| 22:23 | abundzuehalt · first_building Barracks |
| 22:24 | Rodney McKay · wall_segment Stone Wall x1 |
| 22:26 | Oni.TheViper · first_market_buy 100 wood |
| 22:29 | Oni.TheViper · first_building Siege Workshop |
| 22:34 | Mettiu · first_market_sell 100 wood |
| 22:37 | Rodney McKay · first_market_buy 100 food |
| 23:24 | Rodney McKay · wall_segment Stone Wall x1 |
| 23:46 | Rodney McKay · wall_segment Stone Wall x1 |
| 23:55 | abundzuehalt · wall_segment Stone Wall x12 |
| 24:09 | NOC | Target331 · wall_segment Stone Wall x8 |
| 24:16 | NOC | Target331 · wall_segment Stone Wall x15 |
| 24:20 | Chrisybooo · age_up castle |
| 24:23 | pääjehu · age_up castle |
| 24:27 | NOC | Target331 · first_market_buy 100 food |
| 25:00 | Oni.TheViper · wall_segment Stone Wall x4 |
| 25:09 | pääjehu · first_building Monastery |
| 25:13 | Rodney McKay · wall_segment Stone Wall x1 |
| 25:15 | Rodney McKay · wall_segment Stone Wall x1 |
| 25:52 | pääjehu · wall_segment Stone Wall x7 |
| 25:53 | pääjehu · wall_segment Stone Wall x1 |
| 25:55 | NOC | Target331 · wall_segment Stone Wall x1 |
| 25:56 | NOC | Target331 · wall_segment Stone Wall x1 |
| 26:04 | Oni.TheViper · wall_segment Palisade Wall x1 |
| 26:14 | Rodney McKay · age_up castle |
| 26:14 | Rodney McKay · wall_segment Stone Wall x1 |
| 26:15 | Rodney McKay · wall_segment Stone Wall x1 |
| 27:06 | CNZS_Daniel · first_market_buy 100 stone |
| 27:26 | pääjehu · first_market_buy 100 stone |
| 27:43 | pääjehu · wall_segment Palisade Wall x1 |
| 27:43 | pääjehu · wall_segment Palisade Wall x1 |
| 27:43 | pääjehu · wall_segment Palisade Wall x1 |
| 27:44 | pääjehu · wall_segment Palisade Wall x1 |
| 27:44 | pääjehu · wall_segment Palisade Wall x2 |
| 27:44 | pääjehu · wall_segment Palisade Wall x1 |
| 27:46 | pääjehu · wall_segment Palisade Wall x4 |
| 27:46 | pääjehu · wall_segment Palisade Wall x1 |
| 27:47 | pääjehu · wall_segment Palisade Wall x4 |
| 27:48 | pääjehu · wall_segment Palisade Wall x1 |
| 27:49 | pääjehu · wall_segment Palisade Wall x1 |
| 27:54 | pääjehu · first_building Dock |
| 28:02 | abundzuehalt · first_market_sell 100 food |
| 28:02 | Mettiu · first_building Castle |
| 28:45 | pääjehu · wall_segment Palisade Wall x1 |
| 28:45 | pääjehu · wall_segment Palisade Wall x1 |
| 28:46 | pääjehu · wall_segment Palisade Wall x1 |
| 28:47 | pääjehu · wall_segment Palisade Wall x1 |
| 28:47 | pääjehu · wall_segment Palisade Wall x1 |
| 29:14 | NOC | Target331 · first_building Monastery |
| 29:33 | Mettiu · first_building Siege Workshop |
| 29:43 | Mettiu · first_building Barracks |
| 29:46 | Rodney McKay · wall_segment Stone Wall x11 |
| 29:51 | Rodney McKay · wall_segment Stone Wall x13 |
| 29:53 | pääjehu · first_market_sell 500 wood |
| 29:55 | pääjehu · wall_segment Stone Wall x5 |
| 29:56 | Rodney McKay · wall_segment Stone Wall x5 |
| 29:59 | pääjehu · wall_segment Stone Wall x6 |
| 30:03 | Rodney McKay · wall_segment Stone Wall x6 |
| 30:03 | Chrisybooo · first_building Siege Workshop |
| 30:04 | abundzuehalt · first_building Siege Workshop |
| 30:05 | Rodney McKay · wall_segment Stone Wall x3 |
| 30:18 | Rodney McKay · wall_segment Stone Wall x5 |
| 31:07 | Rodney McKay · wall_segment Stone Wall x1 |
| 31:09 | Rodney McKay · wall_segment Stone Wall x8 |
| 31:12 | Rodney McKay · wall_segment Stone Wall x5 |
| 31:17 | abundzuehalt · age_up imperial |
| 31:31 | Rodney McKay · wall_segment Stone Wall x6 |
| 31:38 | pääjehu · wall_segment Stone Wall x6 |
| 31:49 | pääjehu · wall_segment Stone Wall x6 |
| 31:52 | Oni.TheViper · first_building Castle |
| 31:52 | Chrisybooo · first_building Barracks |
| 32:01 | pääjehu · wall_segment Stone Wall x1 |
| 32:02 | pääjehu · wall_segment Stone Wall x1 |
| 32:04 | NOC | Target331 · first_market_sell 500 wood |
| 32:08 | Rodney McKay · wall_segment Stone Wall x10 |
| 32:10 | abundzuehalt · first_building Stable |
| 32:18 | Rodney McKay · wall_segment Stone Wall x1 |
| 32:20 | Chrisybooo · first_building Castle |
| 32:20 | Rodney McKay · wall_segment Stone Wall x5 |
| 32:24 | Mettiu · age_up imperial |
| 32:25 | Rodney McKay · wall_segment Stone Wall x1 |
| 32:31 | Rodney McKay · wall_segment Stone Wall x7 |
| 32:46 | NOC | Target331 · first_building Castle |
| 32:50 | Rodney McKay · wall_segment Stone Wall x7 |
| 32:56 | Rodney McKay · wall_segment Stone Wall x5 |
| 33:22 | Rodney McKay · wall_segment Stone Wall x3 |
| 33:34 | NOC | Target331 · age_up imperial |
| 34:10 | Chrisybooo · age_up imperial |
| 34:17 | Rodney McKay · wall_segment Stone Wall x10 |
| 34:23 | pääjehu · wall_segment Stone Wall x11 |
| 34:24 | Rodney McKay · wall_segment Stone Wall x7 |
| 34:55 | Rodney McKay · wall_segment Stone Wall x1 |
| 35:02 | Chrisybooo · first_building Stable |
| 35:03 | Chrisybooo · first_building Archery Range |
| 35:13 | pääjehu · first_building Castle |
| 35:20 | Rodney McKay · first_building Castle |
| 35:23 | pääjehu · first_building Siege Workshop |
| 35:43 | Rodney McKay · wall_segment Stone Wall x5 |
| 35:54 | pääjehu · wall_segment Stone Wall x10 |
| 36:10 | Chrisybooo · first_building Monastery |
| 37:01 | pääjehu · wall_segment Stone Wall x12 |
| 37:14 | pääjehu · wall_segment Stone Wall x1 |
| 38:01 | Oni.TheViper · age_up imperial |
| 38:51 | Rodney McKay · first_building Barracks |
| 39:15 | Chrisybooo · tribute_sent a jugador 1 |
| 39:15 | Chrisybooo · tribute_sent a jugador 2 |
| 39:15 | Chrisybooo · tribute_sent a jugador 4 |
| 39:15 | Chrisybooo · tribute_sent a jugador 5 |
| 39:15 | Chrisybooo · tribute_sent a jugador 6 |
| 39:15 | Chrisybooo · tribute_sent a jugador 7 |
| 39:15 | Chrisybooo · tribute_sent a jugador 8 |
| 39:21 | NOC | Target331 · tribute_sent a jugador 1 |
| 39:21 | NOC | Target331 · tribute_sent a jugador 3 |
| 39:21 | NOC | Target331 · tribute_sent a jugador 4 |
| 39:21 | NOC | Target331 · tribute_sent a jugador 5 |
| 39:21 | NOC | Target331 · tribute_sent a jugador 6 |
| 39:21 | NOC | Target331 · tribute_sent a jugador 7 |
| 39:21 | NOC | Target331 · tribute_sent a jugador 8 |
| 39:24 | CNZS_Daniel · first_market_sell 100 food |
| 39:31 | Rodney McKay · first_building Archery Range |
| 39:44 | Rodney McKay · age_up imperial |
| 40:38 | pääjehu · age_up imperial |
| 41:09 | Rodney McKay · first_building Siege Workshop |
| 41:11 | NOC | Target331 · tribute_sent a jugador 1 |
| 41:11 | NOC | Target331 · tribute_sent a jugador 3 |
| 41:11 | NOC | Target331 · tribute_sent a jugador 4 |
| 41:11 | NOC | Target331 · tribute_sent a jugador 5 |
| 41:11 | NOC | Target331 · tribute_sent a jugador 6 |
| 41:11 | NOC | Target331 · tribute_sent a jugador 7 |
| 41:11 | NOC | Target331 · tribute_sent a jugador 8 |
| 41:17 | Oni.TheViper · resign |
[ ANÁLISIS IA · 1 CRÉDITO ]
¿Qué pasó realmente en esta partida?
Wolo.gg analiza cada decisión: build order, eco, micro, errores típicos por bracket. Análisis personalizado por WhatsApp o Discord en 30 segundos.
Guía civ
Romanos
Perfil
Daniel